 Dungeon Crawl Stone Soup version 0.29-a0-1047-g7c58e119a4 (webtiles) character file.

Game seed: 3606988272929355763

248 polve the Chopper (level 5, 0/41 HPs)
             Began as a Demonspawn Berserker on Aug 16, 2022.
             Was a Believer of Trog.
             Slain by a gnoll
             ... wielding a +0 spear
              (7 damage)
             ... on level 3 of the Dungeon.
             The game lasted 00:01:52 (1839 turns).

polve the Chopper (Demonspawn Berserker)            Turns: 1839, Time: 00:01:52

Health: 0/41       AC:  5    Str: 19    XL:     5   Next: 86%
Magic:  5/5        EV: 11    Int:  9    God:    Trog [**....]
Gold:   106        SH:  4    Dex: 12    Spells: 4/4 levels left

rFire   . . .      SeeInvis .   a - +0 hand axe
rCold   . . .      Faith    .   (no shield)
rNeg    . . .      Spirit   .   e - +0 ring mail
rPois   .          Reflect  .   (no helmet)
rElec   .          Harm     .   (no cloak)
rCorr   +          Rampage  .   (no gloves)
Will    .....                   (no boots)
Stlth   +.........              (no amulet)
HPRegen 0.13/turn               g - ring of resist corrosion
MPRegen 0.09/turn               (no ring)

@: on berserk cooldown, slowed, very slow
A: hooves 2, condensation shield
a: Renounce Religion, Berserk, Trog's Hand


You were on level 3 of the Dungeon.
You worshipped Trog.
Trog was pleased with you.
You visited 1 branch of the dungeon, and saw 3 of its levels.

You collected 106 gold pieces.

Inventory:

Hand Weapons
 a - a +0 hand axe (weapon)
Armour
 e - a +0 ring mail (worn)
Jewellery
 g - a ring of resist corrosion (left hand)
 k - an amulet of reflection
Wands
 h - a wand of acid (8)
Scrolls
 d - a scroll of teleportation {unknown}
 i - 2 scrolls of identify {unknown}
 l - a scroll of enchant armour {unknown}
Potions
 b - 2 potions of might {unknown}
 c - 2 potions of curing {unknown}
 f - a potion of brilliance {unknown}
 j - a potion of ambrosia {unknown}


   Skills:
 - Level 3.0 Fighting
 + Level 6.1 Axes
 - Level 1.7 Armour
 - Level 1.7 Dodging


You had 4 spell levels left.
You didn't know any spells.
Your spell library was empty.

Dungeon Overview and Level Annotations

Branches:
Dungeon (2/15)

Altars:


Innate Abilities, Weirdness & Mutations

You have hoof-like feet.
A meltable shield of frost defends you. (SH +4)


Message History

The gnoll closely misses you.
The gnoll hits you from afar with a +0 spear.
The gnoll hits you with a +0 club.
You hit the gnoll. Your kick misses the gnoll. Your punch misses the gnoll.
The gnoll is severely wounded.
You hit the frilled lizard.
You kill the frilled lizard!
Trog accepts your kill.
You hit the gnoll. You kick the gnoll.
You kill the gnoll!
Trog accepts your kill.
The gnoll hits you from afar with a +0 spear.
You block the gnoll's attack.
Your Axes skill increases to level 6!
The gnoll hits you with a +0 spear.
You slash the gnoll!
You kill the gnoll!
Trog accepts your kill.
You feel a strong urge to attack something.
You are no longer berserk.
You are exhausted.
You feel yourself slow down. The gnoll hits you with a +0 spear.
You see here a +0 club.
The gnoll hits you with a +0 spear.
You hit the gnoll.
The gnoll is moderately wounded.
You hit the goblin. The goblin barely misses you.
The gnoll hits you but does no damage. The gnoll hits you with a +0 spear!
The goblin closely misses you.
You closely miss the gnoll.
The gnoll is moderately wounded.
You hit the goblin.
You kill the goblin!
Trog accepts your kill. The gnoll hits you with a +0 spear!
* * * LOW HITPOINT WARNING * * *
You barely miss the gnoll. You kick the gnoll, but do no damage.
The gnoll is moderately wounded.
The gnoll hits you with a +0 spear!
You die...

#......#.#...#
#....†#......#####
#........#.#.#... ####
#.....#.##.#.#.# .....
........#.##.....#......
..###.###.##....).......
.. #.# #.##.#.###......
# #.# #.....=)g.......
.. ........)@.....# .
................#
..................
................##
....)...........#
................#
...............#
..............#


You could see a gnoll.

Vanquished Creatures
  Sigmund (D:2)
  2 gnolls (D:3)
  2 adders (D:2)
  2 worms (D:2)
  2 dart slugs
  3 ball pythons (D:1)
  An endoplasm (D:1)
  3 giant cockroaches
  3 goblins
  4 hobgoblins
  3 quokkas (D:1)
  4 bats
  2 frilled lizards
  4 kobolds
  6 rats
42 creatures vanquished.

Notes
Turn   | Place    | Note
-------+----------+-------------------------------------------
     0 | D:1      | polve the Demonspawn Berserker began the quest for the Orb.
     0 | D:1      | Reached XP level 1. HP: 18/18 MP: 1/1
    36 | D:1      | Reached skill level 3 in Axes
   152 | D:1      | Gained mutation: You have large cloven feet. [demonic
                  | ancestry]
   152 | D:1      | Reached XP level 2. HP: 24/24 MP: 2/2
  1354 | D:2      | Noticed Sigmund
  1359 | D:2      | Reached XP level 3. HP: 29/29 MP: 3/3
  1359 | D:2      | Killed Sigmund
  1360 | D:2      | Reached skill level 5 in Axes
  1360 | D:2      | Gained mutation: You have hoof-like feet. [demonic
                  | ancestry]
  1360 | D:2      | Reached XP level 4. HP: 35/35 MP: 4/4
  1360 | D:2      | Gained mutation: A meltable shield of frost defends you.
                  | (SH +4) [demonic ancestry]
  1360 | D:2      | Reached XP level 5. HP: 41/41 MP: 5/5
  1656 | D:2      | Reached ** piety under Trog
  1781 | D:2      | You fall into a shaft and drop 1 floor!
  1832 | D:3      | Reached skill level 6 in Axes
  1839 | D:3      | Slain by a gnoll

Illustrated notes

Levels and vault maps discovered:
D:1:      wander_arrival_peaceful_grave, layout_basic
D:2:      minmay_diamond_boxcup, layout_basic, grunt_ministairs_6, uniq_sigmund
D:3:      layout_basic, tgw_fedhas, hellmonk_ecumenical_altar_blasted,
          uniq_robin

Skill      XL: |  1  2  3  4  5 |
---------------+----------------+-----
Axes           | 3 5 6 |  6.1
Fighting       | |  3.0
Armour         | |  1.7
Dodging        | |  1.7

Action                   |  1- 3 |  4- 6 || total
-------------------------+-------+-------++-------
Melee: Hand axe          |    63 |    36 ||    99
       Kick              |     7 |     7 ||    14
       Punch             |     1 |       ||     1
Invok: Berserk           |     3 |     1 ||     4
Armor: Animal skin       |     7 |       ||     7
       Ring mail         |    15 |    10 ||    25
Dodge: Dodged            |    49 |    14 ||    63
Block: Other             |       |     4 ||     4

Table legend: (Time is in decaauts)
 A = Elapsed time spent in this place.
 B = Non-inter-level travel time spent in this place.
 C = Inter-level travel time spent in this place.
 D = Time resting spent in this place.
 E = Time spent auto-exploring this place.
 F = Levels seen in this place.
 G = Mean time per level.
                   A        B        C        D        E       F      G
               +--------+--------+--------+--------+--------+-----+--------+
         Total |   1876 |   1843 |     33 |     56 |   1526 |   3 |  625.3 |
       Dungeon |   1876 |   1843 |     33 |     56 |   1526 |   3 |  625.3 |
               +--------+--------+--------+--------+--------+-----+--------+

Top non-repeatable levels by time:
     D:1: 1385 daAuts
     D:2: 435 daAuts
     D:3: 55 daAuts
